[ PARTIDA AOE2 · #474057162 ]
UnrankedWu vs Bohemians
[ ANÁLISIS DE REPETICIÓN · EXTRAÍDO DE LA PARTIDA GRABADA ]
Feudal
12:18
Castillos
16:43
Imperial
32:54
| APM promedio | 16.6 |
| APM pico | 81 |
| eAPM promedio | 14.0 |
| Aldeanos / militares | 161 / 188 |
Foco
⚔️ 36.8% · 🌾 63.2%
Spearman ×187 · Unknown (1974) ×118 · Unknown (1968) ×17 · Unknown (1942) ×7 · Monk ×1
Feudal
11:00
Castillos
17:25
Imperial
34:50
| APM promedio | 33.3 |
| APM pico | 81 |
| eAPM promedio | 21.6 |
| Aldeanos / militares | 161 / 7 |
Foco
⚔️ 36.3% · 🌾 63.7%
Unknown (1959) ×124 · Unknown (1962) ×33 · Unknown (1942) ×10 · Battering Ram ×5 · Mangonel ×2
Feudal
12:13
Castillos
16:00
Imperial
28:55
| APM promedio | 30.1 |
| APM pico | 54 |
| eAPM promedio | 17.6 |
| Aldeanos / militares | 136 / 128 |
Foco
⚔️ 31.5% · 🌾 68.5%
Spearman ×111 · Bombard Cannon ×16 · Trade Cart ×14 · Monk ×1
Feudal
12:07
Castillos
23:55
Imperial
31:33
| APM promedio | 24.7 |
| APM pico | 52 |
| eAPM promedio | 14.5 |
| Aldeanos / militares | 101 / 29 |
Foco
⚔️ 19.3% · 🌾 80.7%
Janissary ×21 · Bombard Cannon ×4 · Hand Cannoneer ×4
Feudal
12:46
Castillos
17:05
Imperial
31:24
| APM promedio | 25.5 |
| APM pico | 54 |
| eAPM promedio | 17.2 |
| Aldeanos / militares | 168 / 157 |
Foco
⚔️ 22.6% · 🌾 77.4%
Keshik ×89 · Cavalry Archer ×63 · Trade Cart ×25 · Mangonel ×2 · Trebuchet (Packed) ×2 · Monk ×1
Feudal
11:13
Castillos
21:18
Imperial
34:35
| APM promedio | 54.6 |
| APM pico | 117 |
| eAPM promedio | 30.2 |
| Aldeanos / militares | 211 / 138 |
Foco
⚔️ 31.1% · 🌾 68.9%
Militia ×54 · Spearman ×38 · Konnik ×32 · Trade Cart ×26 · Mangonel ×7 · Battering Ram ×4
Feudal
12:43
Castillos
18:47
Imperial
31:07
| APM promedio | 28.9 |
| APM pico | 77 |
| eAPM promedio | 21.0 |
| Aldeanos / militares | 181 / 128 |
Foco
⚔️ 31.9% · 🌾 68.1%
Camel Scout ×72 · Chakram Thrower ×44 · Trade Cart ×23 · Militia ×6 · Spearman ×3 · Mangonel ×2
Feudal
11:24
Castillos
15:33
Imperial
29:07
| APM promedio | 31.6 |
| APM pico | 68 |
| eAPM promedio | 20.8 |
| Aldeanos / militares | 156 / 267 |
Foco
⚔️ 39.3% · 🌾 60.7%
Militia ×221 · Trade Cart ×37 · Composite Bowman ×24 · Battering Ram ×15 · Mangonel ×4 · Spearman ×2
Mapa de la partida
Recursos iniciales + cada clic de construcción. Líneas = muros · curvas = relieve. ◆ oro · ⬟ piedra · ● bayas · ✦ reliquia · ◌ hueco del cierre
Tu base· Abierta — el rival se encerró
Base de MatzeAoE· Abierta — el rival se encerró
Base de Wolliwup· ✓ Cerrada en 16:00 · 18t muro · sin puerta
Base de Lynx· Abierta — el rival se encerró
Base de Samir· ✓ Cerrada en 17:05 · 21t muro · sin puerta
Base de Kirby Nach· ✓ Cerrada en 21:18 · 47t muro · 2 puerta(s)
Base de larry· Abierta — el rival se encerró
Base de Spätzlepfanne· ✓ Cerrada en 15:33 · 0t muro · sin puerta
Terreno inicial suavizado · ◌ = hueco del cierre detectado · pasá el cursor para detalles
Inputs por minuto
— Bruno_Backstein - - MatzeAoE
Build order — Bruno_Backstein
Primeras 150 de 356 acciones detectadas
| 0:02 | Crear | Villager (Male) |
| 0:02 | Crear | Villager (Male) |
| 0:04 | Construir | House |
| 0:08 | Construir | House |
| 0:27 | Crear | Villager (Male) |
| 0:27 | Crear | Villager (Male) |
| 1:21 | Investigar | Loom |
| 2:09 | Crear | Villager (Male) |
| 2:09 | Crear | Villager (Male) |
| 2:23 | Construir | Palisade Wall |
| 2:52 | Crear | Villager (Male) |
| 3:08 | Construir | House |
| 3:28 | Crear | Villager (Male) |
| 3:35 | Construir | House |
| 4:00 | Crear | Villager (Male) |
| 4:01 | Crear | Villager (Male) |
| 4:15 | Construir | Palisade Wall |
| 4:17 | Construir | Palisade Wall |
| 4:19 | Construir | Palisade Wall |
| 4:45 | Crear | Villager (Male) |
| 5:09 | Crear | Villager (Male) |
| 5:18 | Construir | Lumber Camp |
| 5:40 | Crear | Villager (Male) |
| 6:00 | Crear | Villager (Male) |
| 6:00 | Crear | Villager (Male) |
| 6:20 | Crear | Villager (Male) |
| 7:00 | Crear | Villager (Male) |
| 7:44 | Crear | Villager (Male) |
| 7:49 | Construir | Mill |
| 8:11 | Crear | Villager (Male) |
| 8:30 | Crear | Villager (Male) |
| 9:03 | Construir | Mining Camp |
| 9:07 | Crear | Villager (Male) |
| 9:08 | Crear | Villager (Male) |
| 9:22 | Construir | House |
| 9:28 | Construir | House |
| 9:32 | Construir | House |
| 9:37 | Crear | Villager (Male) |
| 10:03 | Investigar | Feudal Age |
| 11:35 | Construir | Barracks |
| 11:47 | Crear | Villager (Male) |
| 12:18 | Edad | Edad Feudal |
| 12:25 | Construir | Blacksmith |
| 12:44 | Crear | Villager (Male) |
| 12:48 | Crear | Villager (Male) |
| 13:21 | Construir | Market |
| 13:30 | Crear | Villager (Male) |
| 13:46 | Construir | Stone Wall |
| 13:56 | Construir | Outpost |
| 13:58 | Crear | Villager (Male) |
| 14:02 | Investigar | Castle Age |
| 14:15 | Construir | Mining Camp |
| 15:26 | Crear | Villager (Male) |
| 15:45 | Investigar | Double-Bit Axe |
| 16:20 | Construir | Farm |
| 16:23 | Construir | Farm |
| 16:43 | Edad | Edad de los Castillos |
| 16:50 | Construir | Town Center |
| 16:57 | Construir | Town Center |
| 17:00 | Crear | Villager (Male) |
| 17:01 | Crear | Villager (Male) |
| 17:15 | Construir | Farm |
| 17:20 | Investigar | Horse Collar |
| 17:20 | Investigar | Horse Collar |
| 17:26 | Construir | Farm |
| 17:28 | Construir | Farm |
| 17:32 | Construir | Farm |
| 17:42 | Construir | Farm |
| 17:53 | Construir | House |
| 17:54 | Construir | House |
| 17:58 | Crear | Villager (Male) |
| 17:58 | Crear | Villager (Male) |
| 18:09 | Construir | Farm |
| 18:18 | Crear | Villager (Male) |
| 18:31 | Construir | Farm |
| 18:33 | Construir | Farm |
| 18:39 | Crear | Villager (Male) |
| 18:39 | Crear | Villager (Male) |
| 18:42 | Crear | Villager (Male) |
| 18:42 | Crear | Villager (Male) |
| 18:58 | Crear | Villager (Male) |
| 19:04 | Construir | Farm |
| 19:07 | Construir | Farm |
| 19:10 | Construir | Farm |
| 19:16 | Crear | Villager (Male) |
| 19:16 | Crear | Villager (Male) |
| 19:23 | Construir | Farm |
| 19:27 | Construir | Farm |
| 19:38 | Crear | Villager (Male) ×2 |
| 19:42 | Construir | Farm |
| 19:55 | Crear | Villager (Male) ×2 |
| 19:55 | Crear | Villager (Male) ×2 |
| 20:00 | Construir | Farm |
| 20:05 | Construir | House |
| 20:13 | Construir | Farm |
| 20:17 | Crear | Villager (Male) ×2 |
| 20:18 | Crear | Villager (Male) ×2 |
| 20:31 | Construir | Farm |
| 20:35 | Construir | Farm |
| 20:40 | Crear | Villager (Male) ×3 |
| 20:40 | Crear | Villager (Male) ×3 |
| 21:22 | Crear | Villager (Male) ×5 |
| 21:22 | Crear | Villager (Male) |
| 21:22 | Crear | Villager (Male) |
| 21:28 | Construir | Farm |
| 21:28 | Construir | Farm |
| 21:29 | Construir | Farm |
| 21:42 | Investigar | Heavy Plow |
| 22:01 | Construir | Farm |
| 22:05 | Construir | Farm |
| 22:09 | Crear | Villager (Male) ×4 |
| 22:09 | Crear | Villager (Male) |
| 22:29 | Construir | Market |
| 22:35 | Construir | Farm |
| 22:37 | Crear | Villager (Male) ×4 |
| 22:37 | Crear | Villager (Male) ×4 |
| 22:54 | Construir | House |
| 22:55 | Construir | House |
| 22:56 | Construir | House |
| 22:58 | Construir | House |
| 22:59 | Construir | House |
| 23:06 | Investigar | Scale Mail Armor |
| 23:07 | Investigar | Forging |
| 23:20 | Investigar | Bow Saw |
| 23:47 | Construir | Monastery |
| 23:57 | Construir | Castle |
| 24:00 | Crear | Villager (Male) ×5 |
| 24:00 | Crear | Villager (Male) ×2 |
| 24:00 | Crear | Villager (Male) ×2 |
| 24:10 | Construir | Farm |
| 24:12 | Construir | Farm |
| 24:14 | Construir | Farm |
| 24:17 | Construir | Farm |
| 24:26 | Construir | Farm |
| 24:36 | Investigar | Pikeman (upgrade) |
| 24:37 | Investigar | Squires |
| 24:47 | Construir | Barracks |
| 24:53 | Crear | Villager (Male) ×4 |
| 24:53 | Crear | Villager (Male) ×4 |
| 25:01 | Construir | House |
| 25:01 | Construir | House |
| 25:03 | Construir | House |
| 25:04 | Construir | House |
| 25:05 | Construir | House |
| 25:06 | Construir | House |
| 25:06 | Construir | House |
| 25:19 | Construir | Farm |
| 25:35 | Construir | Archery Range |
| 25:38 | Crear | Villager (Male) ×5 |
| 25:38 | Crear | Villager (Male) ×5 |
Build order — MatzeAoE
Primeras 150 de 506 acciones detectadas
| 0:01 | Crear | Villager (Male) |
| 0:01 | Crear | Villager (Male) |
| 0:02 | Construir | House |
| 0:03 | Construir | House |
| 0:06 | Crear | Villager (Male) |
| 0:06 | Crear | Villager (Male) |
| 1:14 | Crear | Villager (Male) |
| 2:01 | Crear | Villager (Male) |
| 2:28 | Crear | Villager (Male) |
| 2:31 | Crear | Villager (Male) |
| 3:12 | Construir | Palisade Wall |
| 3:13 | Construir | Palisade Wall |
| 3:13 | Construir | Palisade Wall |
| 3:14 | Construir | Palisade Wall |
| 3:16 | Construir | Palisade Wall |
| 3:21 | Construir | Palisade Wall |
| 3:23 | Crear | Villager (Male) |
| 3:25 | Construir | Palisade Wall |
| 3:29 | Construir | Palisade Wall |
| 3:30 | Construir | Palisade Wall |
| 3:32 | Construir | Palisade Wall |
| 3:36 | Construir | Palisade Wall |
| 3:37 | Construir | Palisade Wall |
| 3:38 | Construir | Palisade Wall |
| 3:39 | Crear | Villager (Male) |
| 3:39 | Crear | Villager (Male) |
| 3:44 | Construir | House |
| 4:06 | Construir | Lumber Camp |
| 4:30 | Construir | Palisade Wall |
| 4:31 | Construir | Palisade Wall |
| 4:35 | Construir | Palisade Wall |
| 4:36 | Construir | Palisade Wall |
| 4:39 | Construir | Palisade Wall |
| 4:40 | Crear | Villager (Male) |
| 4:45 | Crear | Villager (Male) |
| 4:57 | Construir | Palisade Wall |
| 4:57 | Crear | Villager (Male) |
| 4:59 | Construir | Palisade Wall |
| 5:00 | Crear | Villager (Male) |
| 5:01 | Construir | Palisade Wall |
| 5:11 | Crear | Villager (Male) |
| 5:39 | Construir | House |
| 5:41 | Crear | Villager (Male) |
| 5:57 | Crear | Villager (Male) |
| 6:05 | Construir | Palisade Wall |
| 6:08 | Crear | Villager (Male) |
| 6:20 | Crear | Villager (Male) |
| 7:06 | Construir | Palisade Wall |
| 7:15 | Crear | Villager (Male) |
| 7:22 | Construir | Mill |
| 7:23 | Crear | Villager (Male) |
| 7:24 | Construir | House |
| 7:36 | Crear | Villager (Male) |
| 7:48 | Crear | Villager (Male) |
| 7:50 | Construir | Palisade Wall |
| 7:50 | Construir | Palisade Wall |
| 8:00 | Crear | Villager (Male) |
| 8:02 | Construir | House |
| 8:08 | Construir | Palisade Wall |
| 8:11 | Crear | Villager (Male) |
| 8:12 | Crear | Villager (Male) |
| 8:44 | Investigar | Feudal Age |
| 9:04 | Construir | House |
| 9:21 | Construir | Palisade Wall |
| 9:23 | Construir | Palisade Wall |
| 9:24 | Construir | Palisade Wall |
| 9:25 | Construir | Palisade Wall |
| 9:37 | Construir | Barracks |
| 9:42 | Crear | Villager (Male) |
| 11:00 | Edad | Edad Feudal |
| 11:04 | Investigar | Double-Bit Axe |
| 11:06 | Investigar | Horse Collar |
| 11:16 | Construir | Farm |
| 11:17 | Construir | Farm |
| 11:18 | Construir | Farm |
| 11:19 | Construir | Farm |
| 11:21 | Construir | Farm |
| 11:22 | Construir | Farm |
| 11:23 | Crear | Villager (Male) |
| 11:26 | Construir | Farm |
| 11:31 | Crear | Villager (Male) |
| 11:47 | Construir | Farm |
| 12:06 | Construir | Mining Camp |
| 12:06 | Crear | Villager (Male) |
| 12:27 | Crear | Villager (Male) |
| 13:01 | Crear | Villager (Male) |
| 13:22 | Crear | Villager (Male) |
| 13:23 | Construir | Market |
| 13:41 | Crear | Villager (Male) |
| 13:54 | Construir | Blacksmith |
| 13:58 | Crear | Villager (Male) |
| 14:41 | Investigar | Castle Age |
| 15:30 | Construir | Palisade Wall |
| 15:32 | Construir | Palisade Wall |
| 15:33 | Construir | Palisade Wall |
| 15:34 | Construir | Palisade Wall |
| 15:35 | Construir | Palisade Wall |
| 15:36 | Construir | Palisade Wall |
| 16:01 | Crear | Villager (Male) |
| 16:02 | Construir | Palisade Wall |
| 16:02 | Construir | Palisade Wall |
| 16:03 | Construir | Palisade Wall |
| 16:04 | Construir | Palisade Wall |
| 16:07 | Construir | House |
| 16:16 | Crear | Villager (Male) |
| 16:47 | Construir | House |
| 17:13 | Construir | Palisade Gate |
| 17:19 | Construir | House |
| 17:25 | Edad | Edad de los Castillos |
| 17:30 | Crear | Villager (Male) |
| 17:33 | Construir | Siege Workshop |
| 17:38 | Construir | Siege Workshop |
| 17:46 | Investigar | Bow Saw |
| 18:01 | Crear | Villager (Male) |
| 18:16 | Construir | Town Center |
| 18:19 | Crear | Battering Ram |
| 18:39 | Crear | Unit 1962 |
| 18:39 | Crear | Unit 1962 |
| 18:41 | Crear | Villager (Male) |
| 18:43 | Construir | House |
| 18:44 | Crear | Battering Ram |
| 19:19 | Crear | Villager (Male) |
| 19:20 | Crear | Unit 1962 |
| 19:23 | Crear | Villager (Male) |
| 19:34 | Crear | Villager (Male) |
| 19:36 | Construir | House |
| 19:37 | Crear | Battering Ram |
| 19:41 | Crear | Villager (Male) |
| 19:41 | Crear | Villager (Male) |
| 20:00 | Crear | Villager (Male) |
| 20:04 | Crear | Battering Ram |
| 20:13 | Crear | Villager (Male) |
| 20:24 | Crear | Battering Ram |
| 20:26 | Crear | Villager (Male) |
| 20:44 | Crear | Villager (Male) |
| 20:47 | Crear | Villager (Male) |
| 20:54 | Crear | Villager (Male) |
| 21:00 | Crear | Villager (Male) |
| 21:04 | Crear | Villager (Male) |
| 21:05 | Crear | Villager (Male) |
| 21:07 | Construir | Town Center |
| 21:19 | Crear | Villager (Male) |
| 21:26 | Crear | Villager (Male) |
| 21:34 | Crear | Villager (Male) |
| 21:41 | Construir | House |
| 21:42 | Construir | House |
| 21:43 | Construir | House |
| 21:44 | Construir | House |
| 21:49 | Crear | Mangonel |
| 21:53 | Crear | Villager (Male) |
Build order — Wolliwup
Primeras 150 de 379 acciones detectadas
| 0:01 | Crear | Villager (Male) |
| 0:01 | Crear | Villager (Male) |
| 0:01 | Crear | Villager (Male) |
| 0:02 | Construir | House |
| 0:04 | Construir | House |
| 0:19 | Crear | Villager (Male) |
| 1:24 | Crear | Villager (Male) |
| 1:24 | Crear | Villager (Male) |
| 1:37 | Crear | Villager (Male) |
| 1:46 | Construir | Lumber Camp |
| 2:12 | Crear | Villager (Male) |
| 2:21 | Investigar | Loom |
| 2:22 | Crear | Villager (Male) |
| 2:44 | Crear | Villager (Male) |
| 3:05 | Crear | Villager (Male) |
| 3:31 | Crear | Villager (Male) |
| 4:05 | Crear | Villager (Male) |
| 4:16 | Construir | Mill |
| 4:18 | Construir | House |
| 4:28 | Construir | Palisade Wall |
| 4:29 | Construir | Palisade Wall |
| 4:43 | Construir | Palisade Wall |
| 4:58 | Crear | Villager (Male) |
| 4:58 | Crear | Villager (Male) |
| 5:09 | Construir | House |
| 5:44 | Crear | Villager (Male) |
| 5:53 | Crear | Villager (Male) |
| 6:23 | Crear | Villager (Male) |
| 6:24 | Crear | Villager (Male) |
| 6:31 | Crear | Villager (Male) |
| 6:50 | Crear | Villager (Male) |
| 6:56 | Crear | Villager (Male) |
| 7:09 | Crear | Villager (Male) |
| 7:27 | Crear | Villager (Male) |
| 7:27 | Crear | Villager (Male) |
| 7:38 | Crear | Villager (Male) |
| 8:02 | Crear | Villager (Male) |
| 8:10 | Construir | Mining Camp |
| 8:38 | Crear | Villager (Male) |
| 9:51 | Construir | Palisade Wall |
| 9:55 | Crear | Villager (Male) |
| 9:55 | Crear | Villager (Male) |
| 10:03 | Investigar | Feudal Age |
| 10:34 | Construir | Palisade Wall |
| 10:35 | Construir | Palisade Wall |
| 10:36 | Crear | Villager (Male) |
| 11:01 | Crear | Villager (Male) |
| 11:08 | Construir | House |
| 11:18 | Construir | Palisade Wall |
| 12:13 | Edad | Edad Feudal |
| 12:30 | Construir | Market |
| 12:33 | Construir | Blacksmith |
| 13:20 | Investigar | Castle Age |
| 13:46 | Investigar | Double-Bit Axe |
| 13:54 | Investigar | Horse Collar |
| 15:07 | Construir | Farm |
| 15:11 | Construir | Farm |
| 15:26 | Crear | Villager (Male) |
| 15:52 | Construir | Farm |
| 15:54 | Construir | Farm |
| 15:58 | Crear | Villager (Male) |
| 16:00 | Edad | Edad de los Castillos |
| 16:03 | Construir | Town Center |
| 16:11 | Construir | Town Center |
| 16:14 | Crear | Villager (Male) |
| 16:41 | Construir | House |
| 16:44 | Construir | House |
| 16:48 | Crear | Villager (Male) |
| 17:04 | Crear | Villager (Male) |
| 17:04 | Crear | Villager (Male) |
| 17:10 | Construir | House |
| 17:11 | Construir | House |
| 17:12 | Construir | House |
| 17:24 | Construir | Farm |
| 17:26 | Crear | Villager (Male) |
| 17:29 | Crear | Villager (Male) |
| 17:30 | Crear | Villager (Male) |
| 17:30 | Crear | Villager (Male) |
| 17:40 | Investigar | Bow Saw |
| 17:43 | Crear | Villager (Male) |
| 17:43 | Crear | Villager (Male) |
| 17:47 | Construir | Farm |
| 17:48 | Construir | Farm |
| 18:14 | Construir | Farm |
| 18:16 | Construir | Farm |
| 18:22 | Crear | Villager (Male) |
| 18:26 | Construir | Farm |
| 18:27 | Construir | Farm |
| 18:27 | Construir | Farm |
| 18:33 | Construir | Farm |
| 18:38 | Construir | Farm |
| 18:39 | Crear | Villager (Male) |
| 18:42 | Construir | Farm |
| 18:57 | Construir | Farm |
| 18:58 | Crear | Villager (Male) |
| 19:14 | Crear | Villager (Male) |
| 19:22 | Construir | Farm |
| 19:23 | Construir | Farm |
| 19:33 | Crear | Villager (Male) |
| 19:45 | Construir | House |
| 19:46 | Construir | House |
| 19:47 | Construir | House |
| 19:50 | Crear | Villager (Male) |
| 19:50 | Crear | Villager (Male) |
| 19:51 | Crear | Villager (Male) |
| 19:55 | Construir | Farm |
| 19:58 | Construir | Farm |
| 19:58 | Construir | Farm |
| 20:08 | Construir | Farm |
| 20:11 | Crear | Villager (Male) |
| 20:12 | Crear | Villager (Male) |
| 20:21 | Crear | Villager (Male) |
| 20:26 | Construir | Farm |
| 20:26 | Construir | Farm |
| 20:38 | Crear | Villager (Male) |
| 20:43 | Crear | Villager (Male) |
| 20:55 | Crear | Villager (Male) |
| 20:56 | Crear | Villager (Male) |
| 20:57 | Construir | Farm |
| 20:57 | Construir | Farm |
| 21:11 | Construir | Stone Wall |
| 21:13 | Construir | Stone Wall |
| 21:16 | Crear | Villager (Male) |
| 21:16 | Crear | Villager (Male) |
| 21:16 | Crear | Villager (Male) |
| 21:30 | Crear | Villager (Male) |
| 21:32 | Construir | Farm |
| 21:33 | Crear | Villager (Male) |
| 21:36 | Construir | Farm |
| 21:39 | Construir | Farm |
| 21:39 | Construir | Farm |
| 21:41 | Crear | Villager (Male) |
| 21:42 | Crear | Villager (Male) |
| 21:50 | Construir | Monastery |
| 21:53 | Construir | University |
| 21:55 | Crear | Villager (Male) |
| 21:56 | Crear | Villager (Male) |
| 21:58 | Construir | Farm |
| 22:14 | Investigar | Heavy Plow |
| 22:16 | Crear | Villager (Male) |
| 22:16 | Crear | Villager (Male) |
| 22:21 | Construir | Farm |
| 22:22 | Crear | Villager (Male) |
| 22:22 | Crear | Villager (Male) |
| 22:32 | Construir | Stone Wall |
| 22:33 | Crear | Villager (Male) |
| 22:33 | Crear | Villager (Male) |
| 22:39 | Crear | Villager (Male) |
| 22:39 | Crear | Villager (Male) |
| 22:43 | Construir | Farm |
Build order — Lynx
Primeras 150 de 246 acciones detectadas
| 0:03 | Crear | Villager (Male) |
| 0:03 | Crear | Villager (Male) |
| 0:04 | Construir | House |
| 0:06 | Construir | House |
| 0:07 | Investigar | Loom |
| 0:19 | Crear | Villager (Male) |
| 0:20 | Crear | Villager (Male) |
| 0:20 | Crear | Villager (Male) |
| 1:10 | Construir | Palisade Wall |
| 1:26 | Crear | Villager (Male) |
| 2:03 | Construir | Palisade Wall |
| 2:13 | Crear | Villager (Male) |
| 2:55 | Crear | Villager (Male) |
| 2:56 | Crear | Villager (Male) |
| 3:19 | Construir | Lumber Camp |
| 3:24 | Crear | Villager (Male) |
| 3:54 | Crear | Villager (Male) |
| 4:02 | Crear | Villager (Male) |
| 4:32 | Crear | Villager (Male) |
| 4:58 | Construir | House |
| 5:29 | Construir | Palisade Wall |
| 5:37 | Crear | Villager (Male) |
| 5:38 | Crear | Villager (Male) |
| 5:42 | Crear | Villager (Male) |
| 6:07 | Construir | House |
| 6:34 | Crear | Villager (Male) |
| 6:35 | Crear | Villager (Male) |
| 7:03 | Construir | Palisade Wall |
| 7:17 | Crear | Villager (Male) |
| 7:43 | Crear | Villager (Male) |
| 8:00 | Construir | Palisade Wall |
| 8:17 | Crear | Villager (Male) |
| 8:17 | Crear | Villager (Male) |
| 8:41 | Construir | Mill |
| 8:57 | Construir | Mining Camp |
| 9:14 | Crear | Villager (Male) |
| 9:16 | Construir | House |
| 9:57 | Investigar | Feudal Age |
| 10:52 | Crear | Villager (Male) |
| 10:53 | Crear | Villager (Male) |
| 11:28 | Construir | Palisade Wall |
| 11:42 | Construir | Palisade Wall |
| 11:54 | Construir | House |
| 12:07 | Edad | Edad Feudal |
| 12:38 | Crear | Villager (Male) |
| 12:38 | Crear | Villager (Male) |
| 13:32 | Crear | Villager (Male) |
| 13:49 | Crear | Villager (Male) |
| 14:06 | Investigar | Wheelbarrow |
| 14:12 | Crear | Villager (Male) |
| 14:16 | Construir | Blacksmith |
| 14:26 | Construir | Palisade Wall |
| 14:28 | Construir | Palisade Wall |
| 14:30 | Construir | Palisade Wall |
| 14:32 | Construir | Palisade Wall |
| 15:30 | Construir | Mill |
| 15:38 | Construir | Stone Wall |
| 15:40 | Construir | Stone Wall |
| 15:42 | Construir | Mining Camp |
| 16:15 | Crear | Villager (Male) |
| 16:15 | Crear | Villager (Male) |
| 16:52 | Construir | Palisade Wall |
| 17:04 | Construir | Stone Wall |
| 17:15 | Crear | Villager (Male) |
| 17:15 | Crear | Villager (Male) |
| 17:17 | Construir | Farm |
| 17:17 | Construir | Farm |
| 17:18 | Construir | Farm |
| 17:19 | Construir | Farm |
| 17:21 | Crear | Villager (Male) |
| 17:45 | Construir | Farm |
| 18:01 | Construir | Gate |
| 18:07 | Crear | Villager (Male) |
| 18:10 | Construir | Farm |
| 18:44 | Crear | Villager (Male) |
| 19:29 | Crear | Villager (Male) |
| 19:30 | Crear | Villager (Male) |
| 19:41 | Construir | House |
| 20:13 | Construir | Market |
| 20:17 | Crear | Villager (Male) |
| 20:30 | Crear | Villager (Male) |
| 21:09 | Construir | Blacksmith |
| 21:11 | Crear | Villager (Male) |
| 21:15 | Investigar | Castle Age |
| 21:27 | Construir | House |
| 21:28 | Construir | House |
| 21:29 | Construir | House |
| 21:30 | Construir | House |
| 21:31 | Construir | House |
| 21:32 | Construir | House |
| 21:53 | Investigar | Double-Bit Axe |
| 21:54 | Investigar | Double-Bit Axe |
| 22:41 | Crear | Villager (Male) |
| 23:28 | Construir | Farm |
| 23:55 | Edad | Edad de los Castillos |
| 23:57 | Construir | Castle |
| 24:16 | Construir | Stone Wall |
| 24:21 | Construir | Gate |
| 24:25 | Crear | Villager (Male) |
| 24:26 | Crear | Villager (Male) |
| 24:26 | Crear | Villager (Male) |
| 24:34 | Construir | Siege Workshop |
| 24:42 | Construir | Farm |
| 24:42 | Construir | Farm |
| 24:43 | Construir | Farm |
| 24:43 | Construir | Farm |
| 24:43 | Construir | Farm |
| 24:43 | Construir | Farm |
| 24:44 | Construir | Farm |
| 24:45 | Crear | Villager (Male) |
| 25:23 | Construir | Farm |
| 25:26 | Construir | Farm |
| 25:34 | Construir | Farm |
| 25:34 | Construir | Farm |
| 25:34 | Construir | Farm |
| 25:34 | Construir | Farm |
| 25:35 | Construir | Farm |
| 25:35 | Construir | Farm |
| 25:35 | Construir | Farm |
| 25:36 | Construir | Farm |
| 25:36 | Construir | Farm |
| 25:37 | Construir | Farm |
| 25:37 | Construir | Farm |
| 25:53 | Construir | Farm |
| 25:54 | Crear | Villager (Male) |
| 26:29 | Crear | Villager (Male) |
| 26:33 | Construir | Farm |
| 26:46 | Construir | House |
| 26:48 | Construir | House |
| 26:55 | Crear | Villager (Male) |
| 27:10 | Crear | Villager (Male) |
| 27:14 | Construir | Farm |
| 27:27 | Construir | Farm |
| 27:37 | Construir | House |
| 27:41 | Construir | Lumber Camp |
| 27:57 | Construir | Farm |
| 27:58 | Crear | Villager (Male) |
| 28:19 | Investigar | Imperial Age |
| 28:35 | Investigar | Gold Mining |
| 29:32 | Crear | Villager (Male) |
| 29:33 | Crear | Villager (Male) |
| 29:44 | Investigar | Bow Saw |
| 29:48 | Investigar | Horse Collar |
| 30:29 | Crear | Villager (Male) |
| 31:33 | Edad | Edad Imperial |
| 31:34 | Crear | Bombard Cannon |
| 31:34 | Crear | Bombard Cannon |
| 31:36 | Crear | Villager (Male) |
| 31:37 | Crear | Villager (Male) |
| 32:11 | Construir | Town Center |
Build order — Samir
Primeras 150 de 408 acciones detectadas
| 0:03 | Crear | Villager (Male) |
| 0:03 | Crear | Villager (Male) |
| 0:05 | Construir | House |
| 0:06 | Construir | House |
| 0:29 | Crear | Villager (Male) |
| 0:29 | Crear | Villager (Male) |
| 0:29 | Crear | Villager (Male) |
| 0:58 | Investigar | Loom |
| 0:59 | Crear | Villager (Male) |
| 1:33 | Construir | Palisade Wall |
| 1:45 | Construir | Palisade Wall |
| 1:53 | Construir | Palisade Wall |
| 1:54 | Construir | Palisade Wall |
| 2:11 | Crear | Villager (Male) |
| 2:11 | Crear | Villager (Male) |
| 2:44 | Crear | Villager (Male) |
| 2:45 | Crear | Villager (Male) |
| 2:49 | Crear | Villager (Male) |
| 3:54 | Crear | Villager (Male) |
| 3:55 | Crear | Villager (Male) |
| 3:55 | Crear | Villager (Male) |
| 3:57 | Construir | Palisade Wall |
| 4:01 | Construir | Palisade Wall |
| 4:06 | Construir | Palisade Wall |
| 4:33 | Construir | Palisade Wall |
| 4:37 | Construir | Palisade Wall |
| 4:55 | Crear | Villager (Male) |
| 4:55 | Crear | Villager (Male) |
| 5:19 | Crear | Villager (Male) |
| 5:19 | Crear | Villager (Male) |
| 5:20 | Crear | Villager (Male) |
| 5:26 | Construir | House |
| 5:36 | Construir | Palisade Wall |
| 5:38 | Crear | Villager (Male) |
| 5:38 | Crear | Villager (Male) |
| 5:42 | Crear | Villager (Male) |
| 5:43 | Crear | Villager (Male) |
| 6:16 | Construir | Palisade Wall |
| 6:24 | Crear | Villager (Male) |
| 6:25 | Crear | Villager (Male) |
| 6:25 | Crear | Villager (Male) |
| 6:36 | Crear | Villager (Male) |
| 6:36 | Crear | Villager (Male) |
| 6:37 | Crear | Villager (Male) |
| 7:07 | Crear | Villager (Male) |
| 7:08 | Crear | Villager (Male) |
| 7:28 | Construir | Lumber Camp |
| 7:59 | Crear | Villager (Male) |
| 8:03 | Construir | House |
| 8:34 | Crear | Villager (Male) |
| 8:39 | Construir | Mill |
| 9:06 | Crear | Villager (Male) |
| 9:06 | Crear | Villager (Male) |
| 9:11 | Crear | Villager (Male) |
| 9:11 | Crear | Villager (Male) |
| 9:26 | Crear | Villager (Male) |
| 9:26 | Crear | Villager (Male) |
| 9:33 | Crear | Villager (Male) |
| 9:33 | Crear | Villager (Male) |
| 9:34 | Crear | Villager (Male) |
| 10:01 | Crear | Villager (Male) |
| 10:10 | Construir | Mining Camp |
| 10:31 | Investigar | Feudal Age |
| 11:42 | Crear | Villager (Male) |
| 12:13 | Crear | Villager (Male) |
| 12:30 | Crear | Villager (Male) |
| 12:46 | Edad | Edad Feudal |
| 13:00 | Construir | House |
| 13:10 | Investigar | Wheelbarrow |
| 13:19 | Construir | Market |
| 13:30 | Construir | Blacksmith |
| 13:32 | Crear | Villager (Male) |
| 13:35 | Construir | House |
| 14:19 | Investigar | Castle Age |
| 14:23 | Construir | House |
| 14:26 | Construir | House |
| 14:53 | Construir | Lumber Camp |
| 15:08 | Construir | Lumber Camp |
| 15:16 | Investigar | Double-Bit Axe |
| 15:28 | Construir | House |
| 16:20 | Construir | House |
| 16:59 | Crear | Villager (Male) |
| 17:00 | Crear | Villager (Male) |
| 17:05 | Edad | Edad de los Castillos |
| 17:14 | Construir | Town Center |
| 17:15 | Crear | Villager (Male) |
| 17:23 | Construir | Town Center |
| 17:26 | Crear | Villager (Male) |
| 17:40 | Construir | Farm |
| 18:14 | Construir | Farm |
| 18:22 | Crear | Villager (Male) |
| 18:27 | Construir | Farm |
| 18:32 | Construir | Farm |
| 18:41 | Crear | Villager (Male) |
| 18:42 | Crear | Villager (Male) |
| 18:58 | Crear | Villager (Male) |
| 18:59 | Crear | Villager (Male) |
| 19:08 | Crear | Villager (Male) |
| 19:08 | Crear | Villager (Male) |
| 19:13 | Construir | Farm |
| 19:29 | Crear | Villager (Male) |
| 19:49 | Crear | Villager (Male) |
| 19:51 | Crear | Villager (Male) |
| 19:51 | Crear | Villager (Male) |
| 19:52 | Construir | Farm |
| 20:01 | Construir | Farm |
| 20:01 | Construir | Farm |
| 20:01 | Construir | Farm |
| 20:02 | Construir | Farm |
| 20:02 | Construir | Farm |
| 20:02 | Construir | Farm |
| 20:03 | Construir | Farm |
| 20:06 | Crear | Villager (Male) |
| 20:09 | Crear | Villager (Male) |
| 20:17 | Crear | Villager (Male) |
| 20:17 | Crear | Villager (Male) |
| 20:37 | Crear | Villager (Male) |
| 20:40 | Construir | Farm |
| 20:43 | Crear | Villager (Male) |
| 20:44 | Crear | Villager (Male) |
| 20:45 | Crear | Villager (Male) |
| 21:09 | Crear | Villager (Male) |
| 21:11 | Crear | Villager (Male) |
| 21:11 | Crear | Villager (Male) |
| 21:14 | Construir | Farm |
| 21:15 | Crear | Villager (Male) |
| 21:20 | Crear | Villager (Male) |
| 21:24 | Construir | Farm |
| 21:25 | Construir | Farm |
| 21:25 | Construir | Farm |
| 21:25 | Construir | Farm |
| 21:26 | Construir | Farm |
| 21:26 | Construir | Farm |
| 21:26 | Construir | Farm |
| 21:27 | Construir | Farm |
| 21:27 | Construir | Farm |
| 21:31 | Crear | Villager (Male) |
| 21:32 | Crear | Villager (Male) |
| 21:37 | Crear | Villager (Male) |
| 21:49 | Investigar | Bow Saw |
| 21:53 | Crear | Villager (Male) |
| 21:59 | Construir | Farm |
| 22:03 | Crear | Villager (Male) |
| 22:07 | Construir | Farm |
| 22:20 | Crear | Villager (Male) |
| 22:24 | Crear | Villager (Male) |
| 22:28 | Crear | Villager (Male) |
| 22:41 | Construir | Farm |
| 22:46 | Crear | Villager (Male) |
| 22:48 | Construir | Farm |
Build order — Kirby Nach
Primeras 150 de 624 acciones detectadas
| 0:01 | Crear | Villager (Male) |
| 0:03 | Construir | House |
| 0:04 | Construir | House |
| 0:15 | Investigar | Loom |
| 0:15 | Crear | Villager (Male) |
| 0:15 | Crear | Villager (Male) |
| 0:15 | Crear | Villager (Male) |
| 0:15 | Crear | Villager (Male) |
| 1:30 | Construir | Palisade Wall |
| 1:54 | Crear | Villager (Male) |
| 1:54 | Crear | Villager (Male) |
| 1:54 | Crear | Villager (Male) |
| 1:54 | Crear | Villager (Male) |
| 1:54 | Crear | Villager (Male) |
| 1:54 | Crear | Villager (Male) |
| 2:30 | Construir | Lumber Camp |
| 2:35 | Crear | Villager (Male) |
| 2:35 | Crear | Villager (Male) |
| 2:35 | Crear | Villager (Male) |
| 2:35 | Crear | Villager (Male) |
| 2:35 | Crear | Villager (Male) |
| 2:35 | Crear | Villager (Male) |
| 2:58 | Crear | Villager (Male) |
| 2:58 | Crear | Villager (Male) |
| 2:58 | Crear | Villager (Male) |
| 2:58 | Crear | Villager (Male) |
| 2:58 | Crear | Villager (Male) |
| 2:58 | Crear | Villager (Male) |
| 2:58 | Crear | Villager (Male) |
| 2:58 | Crear | Villager (Male) |
| 2:59 | Crear | Villager (Male) |
| 2:59 | Crear | Villager (Male) |
| 2:59 | Crear | Villager (Male) |
| 3:26 | Crear | Villager (Male) |
| 3:26 | Crear | Villager (Male) |
| 3:26 | Crear | Villager (Male) |
| 3:26 | Crear | Villager (Male) |
| 3:26 | Crear | Villager (Male) |
| 3:26 | Crear | Villager (Male) |
| 3:27 | Crear | Villager (Male) |
| 3:27 | Crear | Villager (Male) |
| 3:50 | Crear | Villager (Male) |
| 3:50 | Crear | Villager (Male) |
| 3:50 | Crear | Villager (Male) |
| 3:51 | Crear | Villager (Male) |
| 3:51 | Crear | Villager (Male) |
| 3:56 | Construir | House |
| 4:14 | Crear | Villager (Male) |
| 4:14 | Crear | Villager (Male) |
| 4:14 | Crear | Villager (Male) |
| 4:14 | Crear | Villager (Male) |
| 4:14 | Crear | Villager (Male) |
| 4:14 | Crear | Villager (Male) |
| 4:14 | Crear | Villager (Male) |
| 4:14 | Crear | Villager (Male) |
| 4:14 | Crear | Villager (Male) |
| 4:41 | Crear | Villager (Male) |
| 4:41 | Crear | Villager (Male) |
| 4:41 | Crear | Villager (Male) |
| 5:03 | Crear | Villager (Male) |
| 5:25 | Crear | Villager (Male) |
| 5:25 | Crear | Villager (Male) |
| 5:25 | Crear | Villager (Male) |
| 5:25 | Crear | Villager (Male) |
| 5:25 | Crear | Villager (Male) |
| 5:25 | Crear | Villager (Male) |
| 5:25 | Crear | Villager (Male) |
| 5:26 | Crear | Villager (Male) |
| 5:28 | Construir | House |
| 5:41 | Crear | Villager (Male) |
| 5:41 | Crear | Villager (Male) |
| 5:56 | Construir | Mill |
| 6:06 | Crear | Villager (Male) |
| 6:06 | Crear | Villager (Male) |
| 6:07 | Crear | Villager (Male) |
| 6:40 | Crear | Villager (Male) |
| 6:40 | Crear | Villager (Male) |
| 6:40 | Crear | Villager (Male) |
| 6:40 | Crear | Villager (Male) |
| 6:40 | Crear | Villager (Male) |
| 6:40 | Crear | Villager (Male) |
| 6:40 | Crear | Villager (Male) |
| 6:40 | Crear | Villager (Male) |
| 7:09 | Crear | Villager (Male) |
| 7:09 | Crear | Villager (Male) |
| 7:09 | Crear | Villager (Male) |
| 7:09 | Crear | Villager (Male) |
| 7:10 | Crear | Villager (Male) |
| 7:10 | Crear | Villager (Male) |
| 8:06 | Construir | House |
| 8:26 | Crear | Villager (Male) |
| 9:03 | Investigar | Feudal Age |
| 9:04 | Investigar | Feudal Age |
| 9:17 | Construir | Barracks |
| 9:32 | Construir | Mining Camp |
| 10:15 | Crear | Militia |
| 10:15 | Crear | Militia |
| 10:19 | Construir | House |
| 10:36 | Crear | Militia |
| 10:56 | Crear | Villager (Male) |
| 11:13 | Edad | Edad Feudal |
| 11:18 | Construir | Watch Tower |
| 11:29 | Crear | Villager (Male) |
| 11:30 | Investigar | Double-Bit Axe |
| 11:30 | Investigar | Double-Bit Axe |
| 11:30 | Investigar | Double-Bit Axe |
| 12:16 | Crear | Villager (Male) |
| 12:28 | Crear | Villager (Male) |
| 12:47 | Construir | Gate |
| 12:50 | Construir | Stone Wall |
| 12:57 | Crear | Militia |
| 12:58 | Crear | Villager (Male) |
| 13:01 | Investigar | Horse Collar |
| 13:01 | Investigar | Horse Collar |
| 13:02 | Investigar | Horse Collar |
| 13:06 | Construir | House |
| 13:09 | Construir | House |
| 13:11 | Crear | Villager (Male) |
| 13:17 | Crear | Villager (Male) |
| 13:31 | Construir | Stone Wall |
| 13:39 | Crear | Villager (Male) |
| 13:46 | Crear | Villager (Male) |
| 14:11 | Crear | Villager (Male) |
| 14:18 | Crear | Militia |
| 14:22 | Construir | Farm |
| 14:23 | Construir | Farm |
| 14:47 | Crear | Villager (Male) |
| 14:50 | Construir | Farm |
| 14:53 | Construir | House |
| 15:14 | Crear | Villager (Male) |
| 15:17 | Construir | Farm |
| 15:18 | Construir | Farm |
| 16:02 | Crear | Villager (Male) |
| 16:05 | Construir | Farm |
| 16:07 | Construir | Farm |
| 16:09 | Construir | Farm |
| 16:39 | Crear | Villager (Male) |
| 16:57 | Crear | Villager (Male) |
| 16:59 | Construir | Market |
| 17:01 | Construir | Blacksmith |
| 17:48 | Crear | Villager (Male) |
| 18:01 | Construir | Blacksmith |
| 18:05 | Crear | Villager (Male) |
| 18:20 | Construir | Gate |
| 18:23 | Construir | Stone Wall |
| 18:31 | Investigar | Castle Age |
| 18:31 | Investigar | Castle Age |
| 18:32 | Investigar | Castle Age |
| 18:38 | Construir | Lumber Camp |
| 19:38 | Construir | Stone Wall |
Build order — larry
Primeras 150 de 583 acciones detectadas
| 0:02 | Crear | Villager (Male) |
| 0:02 | Crear | Villager (Male) |
| 0:02 | Crear | Villager (Male) |
| 0:03 | Crear | Villager (Male) |
| 0:37 | Construir | House |
| 0:41 | Construir | Mill |
| 1:11 | Investigar | Loom |
| 1:12 | Investigar | Loom |
| 1:29 | Construir | House |
| 1:57 | Crear | Villager (Male) |
| 1:58 | Crear | Villager (Male) |
| 1:58 | Crear | Villager (Male) |
| 2:03 | Construir | House |
| 2:19 | Crear | Villager (Male) |
| 2:19 | Crear | Villager (Male) |
| 3:05 | Crear | Villager (Male) |
| 3:05 | Crear | Villager (Male) |
| 3:57 | Crear | Villager (Male) |
| 3:57 | Crear | Villager (Male) |
| 4:24 | Crear | Villager (Male) |
| 4:24 | Crear | Villager (Male) |
| 4:24 | Crear | Villager (Male) |
| 4:57 | Crear | Villager (Male) |
| 4:58 | Crear | Villager (Male) |
| 5:01 | Crear | Villager (Male) |
| 5:01 | Crear | Villager (Male) |
| 5:07 | Crear | Villager (Male) |
| 5:07 | Crear | Villager (Male) |
| 5:08 | Crear | Villager (Male) |
| 5:13 | Crear | Villager (Male) |
| 5:14 | Crear | Villager (Male) |
| 6:13 | Construir | House |
| 6:22 | Construir | Lumber Camp |
| 6:27 | Crear | Villager (Male) |
| 6:27 | Crear | Villager (Male) |
| 7:52 | Crear | Villager (Male) |
| 7:52 | Crear | Villager (Male) |
| 7:57 | Construir | House |
| 7:59 | Construir | Lumber Camp |
| 8:33 | Construir | Mining Camp |
| 9:43 | Crear | Villager (Male) |
| 9:43 | Crear | Villager (Male) |
| 10:29 | Investigar | Feudal Age |
| 10:29 | Investigar | Feudal Age |
| 12:43 | Edad | Edad Feudal |
| 12:44 | Investigar | Wheelbarrow |
| 12:44 | Investigar | Wheelbarrow |
| 12:45 | Investigar | Double-Bit Axe |
| 12:45 | Investigar | Double-Bit Axe |
| 12:46 | Investigar | Double-Bit Axe |
| 12:49 | Investigar | Horse Collar |
| 12:49 | Investigar | Horse Collar |
| 13:08 | Crear | Villager (Male) |
| 13:09 | Crear | Villager (Male) |
| 13:38 | Construir | Market |
| 13:43 | Construir | Blacksmith |
| 14:03 | Crear | Villager (Male) |
| 14:03 | Crear | Villager (Male) |
| 14:28 | Crear | Villager (Male) |
| 14:49 | Construir | Farm |
| 14:50 | Construir | Farm |
| 14:51 | Construir | Farm |
| 14:58 | Construir | House |
| 14:59 | Construir | House |
| 15:10 | Crear | Trade Cart |
| 15:37 | Construir | Farm |
| 15:47 | Construir | Farm |
| 15:49 | Construir | Farm |
| 15:50 | Construir | Farm |
| 15:59 | Crear | Trade Cart |
| 16:07 | Investigar | Castle Age |
| 16:07 | Investigar | Castle Age |
| 16:16 | Construir | Farm |
| 16:17 | Construir | Farm |
| 16:30 | Construir | Farm |
| 16:43 | Investigar | Gold Mining |
| 16:44 | Investigar | Gold Mining |
| 16:47 | Crear | Trade Cart |
| 17:53 | Crear | Trade Cart |
| 17:55 | Investigar | Stone Mining |
| 17:56 | Investigar | Stone Mining |
| 18:04 | Construir | House |
| 18:06 | Construir | House |
| 18:21 | Crear | Villager (Male) |
| 18:21 | Crear | Villager (Male) |
| 18:21 | Crear | Villager (Male) |
| 18:47 | Edad | Edad de los Castillos |
| 18:50 | Construir | Town Center |
| 18:54 | Crear | Villager (Male) |
| 18:57 | Construir | House |
| 18:59 | Construir | House |
| 19:04 | Construir | Town Center |
| 19:06 | Crear | Villager (Male) |
| 19:18 | Investigar | Heavy Plow |
| 19:18 | Investigar | Heavy Plow |
| 19:19 | Investigar | Heavy Plow |
| 19:22 | Crear | Villager (Male) |
| 19:30 | Crear | Villager (Male) |
| 19:32 | Construir | House |
| 19:34 | Construir | House |
| 19:37 | Crear | Villager (Male) |
| 19:41 | Crear | Trade Cart |
| 19:42 | Crear | Villager (Male) |
| 20:03 | Crear | Villager (Male) |
| 20:04 | Crear | Villager (Male) |
| 20:06 | Crear | Villager (Male) |
| 20:09 | Construir | Farm |
| 20:10 | Construir | Farm |
| 20:13 | Crear | Villager (Male) |
| 20:17 | Crear | Villager (Male) |
| 20:23 | Crear | Villager (Male) |
| 20:35 | Crear | Villager (Male) |
| 20:37 | Investigar | Bow Saw |
| 20:38 | Investigar | Bow Saw |
| 20:49 | Crear | Villager (Male) |
| 20:54 | Construir | Farm |
| 20:57 | Construir | Farm |
| 21:05 | Construir | Farm |
| 21:08 | Crear | Villager (Male) |
| 21:15 | Construir | House |
| 21:17 | Construir | House |
| 21:19 | Crear | Villager (Male) |
| 21:19 | Crear | Villager (Male) |
| 21:19 | Crear | Villager (Male) |
| 21:24 | Construir | Farm |
| 21:26 | Construir | Farm |
| 21:28 | Crear | Villager (Male) |
| 21:28 | Crear | Villager (Male) |
| 21:43 | Crear | Villager (Male) |
| 21:43 | Crear | Villager (Male) |
| 21:44 | Construir | Farm |
| 21:47 | Construir | Farm |
| 21:48 | Crear | Villager (Male) |
| 21:48 | Crear | Villager (Male) |
| 21:49 | Crear | Villager (Male) |
| 21:57 | Construir | Farm |
| 21:59 | Crear | Villager (Male) |
| 22:14 | Construir | Farm |
| 22:15 | Construir | Farm |
| 22:18 | Crear | Villager (Male) |
| 22:20 | Crear | Villager (Male) |
| 22:22 | Construir | Farm |
| 22:25 | Construir | Farm |
| 22:27 | Crear | Trade Cart |
| 22:28 | Crear | Villager (Male) |
| 22:28 | Crear | Villager (Male) |
| 22:29 | Crear | Villager (Male) |
| 22:49 | Crear | Villager (Male) |
| 23:08 | Construir | Castle |
| 23:10 | Crear | Villager (Male) |
Build order — Spätzlepfanne
Primeras 150 de 542 acciones detectadas
| 0:01 | Crear | Villager (Male) |
| 0:01 | Crear | Villager (Male) |
| 0:02 | Crear | Villager (Male) |
| 0:03 | Construir | House |
| 0:04 | Construir | House |
| 0:11 | Crear | Villager (Male) |
| 0:12 | Crear | Villager (Male) |
| 1:26 | Crear | Villager (Male) |
| 1:49 | Construir | Mule Cart |
| 2:01 | Crear | Villager (Male) |
| 2:24 | Crear | Villager (Male) |
| 2:48 | Crear | Villager (Male) |
| 3:11 | Crear | Villager (Male) |
| 3:47 | Crear | Villager (Male) |
| 3:58 | Crear | Villager (Male) |
| 4:01 | Construir | House |
| 4:31 | Crear | Villager (Male) |
| 4:31 | Crear | Villager (Male) |
| 5:03 | Crear | Villager (Male) |
| 5:04 | Crear | Villager (Male) |
| 5:13 | Construir | House |
| 5:45 | Construir | Mill |
| 6:08 | Crear | Villager (Male) |
| 6:08 | Crear | Villager (Male) |
| 6:33 | Crear | Villager (Male) |
| 6:59 | Crear | Villager (Male) |
| 7:28 | Crear | Villager (Male) |
| 7:51 | Crear | Villager (Male) |
| 8:19 | Crear | Villager (Male) |
| 8:49 | Investigar | Loom |
| 9:00 | Construir | Mule Cart |
| 9:06 | Investigar | Feudal Age |
| 9:17 | Crear | Villager (Male) |
| 9:21 | Construir | House |
| 10:11 | Crear | Villager (Male) |
| 11:24 | Edad | Edad Feudal |
| 11:28 | Construir | Market |
| 11:31 | Construir | Blacksmith |
| 12:20 | Crear | Villager (Male) |
| 12:53 | Investigar | Castle Age |
| 13:08 | Investigar | Double-Bit Axe |
| 13:22 | Investigar | Horse Collar |
| 13:33 | Construir | House |
| 13:34 | Construir | House |
| 13:35 | Construir | House |
| 13:43 | Construir | Farm |
| 14:03 | Crear | Villager (Male) |
| 14:20 | Construir | Farm |
| 15:33 | Edad | Edad de los Castillos |
| 15:35 | Construir | Town Center |
| 15:38 | Construir | Town Center |
| 15:40 | Crear | Villager (Male) |
| 15:44 | Investigar | Bow Saw |
| 15:52 | Construir | House |
| 15:52 | Construir | House |
| 15:53 | Construir | House |
| 15:54 | Construir | House |
| 16:04 | Crear | Villager (Male) |
| 16:19 | Construir | Farm |
| 16:37 | Construir | Farm |
| 16:38 | Crear | Villager (Male) |
| 16:54 | Construir | Farm |
| 16:56 | Crear | Villager (Male) |
| 17:04 | Crear | Villager (Male) |
| 17:04 | Crear | Villager (Male) |
| 17:07 | Construir | Farm |
| 17:09 | Construir | Farm |
| 17:16 | Construir | Farm |
| 17:18 | Crear | Villager (Male) |
| 17:18 | Crear | Villager (Male) |
| 17:18 | Crear | Villager (Male) |
| 17:23 | Construir | Farm |
| 17:36 | Crear | Villager (Male) |
| 17:36 | Crear | Villager (Male) |
| 17:39 | Construir | Farm |
| 17:44 | Construir | Farm |
| 17:47 | Construir | Farm |
| 17:50 | Construir | Farm |
| 17:57 | Crear | Villager (Male) |
| 17:58 | Crear | Villager (Male) |
| 17:59 | Crear | Villager (Male) |
| 18:02 | Construir | Farm |
| 18:05 | Construir | Farm |
| 18:10 | Construir | House |
| 18:14 | Construir | House |
| 18:21 | Construir | House |
| 18:22 | Crear | Villager (Male) |
| 18:26 | Construir | Farm |
| 18:27 | Crear | Villager (Male) |
| 18:31 | Construir | Farm |
| 18:33 | Construir | Farm |
| 18:38 | Crear | Villager (Male) |
| 18:42 | Construir | Farm |
| 18:48 | Construir | Farm |
| 18:48 | Crear | Villager (Male) |
| 18:55 | Construir | Farm |
| 18:56 | Crear | Villager (Male) |
| 18:59 | Construir | Farm |
| 19:12 | Construir | Farm |
| 19:13 | Crear | Villager (Male) |
| 19:18 | Crear | Villager (Male) |
| 19:25 | Construir | Farm |
| 19:27 | Crear | Villager (Male) |
| 19:29 | Construir | Farm |
| 19:32 | Construir | Farm |
| 19:36 | Construir | Mule Cart |
| 19:36 | Crear | Villager (Male) |
| 19:45 | Crear | Villager (Male) |
| 19:48 | Crear | Villager (Male) |
| 19:53 | Construir | Farm |
| 19:55 | Construir | Farm |
| 20:00 | Construir | Farm |
| 20:01 | Crear | Villager (Male) |
| 20:02 | Crear | Villager (Male) |
| 20:02 | Crear | Villager (Male) |
| 20:08 | Construir | House |
| 20:10 | Construir | House |
| 20:11 | Crear | Villager (Male) |
| 20:15 | Construir | Farm |
| 20:17 | Construir | Farm |
| 20:18 | Crear | Villager (Male) |
| 20:22 | Crear | Villager (Male) |
| 20:26 | Crear | Villager (Male) |
| 20:33 | Crear | Villager (Male) |
| 20:45 | Crear | Villager (Male) |
| 20:45 | Crear | Villager (Male) |
| 20:48 | Crear | Villager (Male) |
| 20:58 | Crear | Villager (Male) |
| 20:59 | Crear | Villager (Male) |
| 21:07 | Investigar | Heavy Plow |
| 21:19 | Construir | Farm |
| 21:24 | Crear | Villager (Male) |
| 21:26 | Crear | Villager (Male) |
| 21:31 | Construir | House |
| 21:33 | Construir | House |
| 21:34 | Construir | House |
| 21:35 | Crear | Villager (Male) |
| 21:39 | Construir | University |
| 21:41 | Crear | Villager (Male) |
| 21:50 | Crear | Villager (Male) |
| 21:50 | Crear | Villager (Male) |
| 22:05 | Construir | Town Center |
| 22:06 | Crear | Villager (Male) |
| 22:06 | Crear | Villager (Male) |
| 22:14 | Construir | Farm |
| 22:16 | Crear | Villager (Male) |
| 22:17 | Crear | Villager (Male) |
| 22:23 | Investigar | Wheelbarrow |
| 22:28 | Investigar | Wheelbarrow |
| 22:33 | Construir | Farm |
Cronología de la partida
| 1:10 | Lynx · wall_segment Palisade Wall x10 |
| 1:30 | Kirby Nach · wall_segment Palisade Wall x9 |
| 1:33 | Samir · wall_segment Palisade Wall x9 |
| 1:45 | Samir · wall_segment Palisade Wall x1 |
| 1:53 | Samir · wall_segment Palisade Wall x1 |
| 1:54 | Samir · wall_segment Palisade Wall x1 |
| 2:03 | Lynx · wall_segment Palisade Wall x10 |
| 2:23 | Bruno_Backstein · wall_segment Palisade Wall x4 |
| 3:12 | MatzeAoE · wall_segment Palisade Wall x1 |
| 3:13 | MatzeAoE · wall_segment Palisade Wall x1 |
| 3:13 | MatzeAoE · wall_segment Palisade Wall x1 |
| 3:14 | MatzeAoE · wall_segment Palisade Wall x1 |
| 3:16 | MatzeAoE · wall_segment Palisade Wall x1 |
| 3:21 | MatzeAoE · wall_segment Palisade Wall x1 |
| 3:25 | MatzeAoE · wall_segment Palisade Wall x1 |
| 3:29 | MatzeAoE · wall_segment Palisade Wall x1 |
| 3:30 | MatzeAoE · wall_segment Palisade Wall x1 |
| 3:32 | MatzeAoE · wall_segment Palisade Wall x1 |
| 3:36 | MatzeAoE · wall_segment Palisade Wall x1 |
| 3:37 | MatzeAoE · wall_segment Palisade Wall x1 |
| 3:38 | MatzeAoE · wall_segment Palisade Wall x1 |
| 3:57 | Samir · wall_segment Palisade Wall x1 |
| 4:01 | Samir · wall_segment Palisade Wall x1 |
| 4:06 | Samir · wall_segment Palisade Wall x1 |
| 4:15 | Bruno_Backstein · wall_segment Palisade Wall x3 |
| 4:17 | Bruno_Backstein · wall_segment Palisade Wall x1 |
| 4:19 | Bruno_Backstein · wall_segment Palisade Wall x3 |
| 4:28 | Wolliwup · wall_segment Palisade Wall x1 |
| 4:29 | Wolliwup · wall_segment Palisade Wall x1 |
| 4:30 | MatzeAoE · wall_segment Palisade Wall x1 |
| 4:31 | MatzeAoE · wall_segment Palisade Wall x1 |
| 4:33 | Samir · wall_segment Palisade Wall x1 |
| 4:35 | MatzeAoE · wall_segment Palisade Wall x1 |
| 4:36 | MatzeAoE · wall_segment Palisade Wall x1 |
| 4:37 | Samir · wall_segment Palisade Wall x1 |
| 4:39 | MatzeAoE · wall_segment Palisade Wall x1 |
| 4:43 | Wolliwup · wall_segment Palisade Wall x1 |
| 4:57 | MatzeAoE · wall_segment Palisade Wall x1 |
| 4:59 | MatzeAoE · wall_segment Palisade Wall x1 |
| 5:01 | MatzeAoE · wall_segment Palisade Wall x1 |
| 5:29 | Lynx · wall_segment Palisade Wall x1 |
| 5:36 | Samir · wall_segment Palisade Wall x7 |
| 6:05 | MatzeAoE · wall_segment Palisade Wall x1 |
| 6:16 | Samir · wall_segment Palisade Wall x1 |
| 7:03 | Lynx · wall_segment Palisade Wall x3 |
| 7:06 | MatzeAoE · wall_segment Palisade Wall x3 |
| 7:50 | MatzeAoE · wall_segment Palisade Wall x1 |
| 7:50 | MatzeAoE · wall_segment Palisade Wall x1 |
| 8:00 | Lynx · wall_segment Palisade Wall x5 |
| 8:08 | MatzeAoE · wall_segment Palisade Wall x4 |
| 9:17 | Kirby Nach · first_building Barracks |
| 9:21 | MatzeAoE · wall_segment Palisade Wall x1 |
| 9:23 | MatzeAoE · wall_segment Palisade Wall x1 |
| 9:24 | MatzeAoE · wall_segment Palisade Wall x1 |
| 9:25 | MatzeAoE · wall_segment Palisade Wall x1 |
| 9:37 | MatzeAoE · first_building Barracks |
| 9:51 | Wolliwup · wall_segment Palisade Wall x5 |
| 10:34 | Wolliwup · wall_segment Palisade Wall x4 |
| 10:35 | Wolliwup · wall_segment Palisade Wall x1 |
| 11:00 | MatzeAoE · age_up feudal |
| 11:13 | Kirby Nach · age_up feudal |
| 11:18 | Wolliwup · wall_segment Palisade Wall x8 |
| 11:24 | Spätzlepfanne · age_up feudal |
| 11:28 | Lynx · wall_segment Palisade Wall x8 |
| 11:35 | Bruno_Backstein · first_building Barracks |
| 11:42 | Lynx · wall_segment Palisade Wall x9 |
| 12:07 | Lynx · age_up feudal |
| 12:13 | Wolliwup · age_up feudal |
| 12:18 | Bruno_Backstein · age_up feudal |
| 12:43 | larry · age_up feudal |
| 12:46 | Samir · age_up feudal |
| 12:50 | Kirby Nach · wall_segment Stone Wall x13 |
| 13:31 | Kirby Nach · wall_segment Stone Wall x1 |
| 13:46 | Bruno_Backstein · wall_segment Stone Wall x8 |
| 14:26 | Lynx · wall_segment Palisade Wall x1 |
| 14:28 | Lynx · wall_segment Palisade Wall x1 |
| 14:30 | Lynx · wall_segment Palisade Wall x1 |
| 14:32 | Lynx · wall_segment Palisade Wall x1 |
| 15:30 | MatzeAoE · wall_segment Palisade Wall x1 |
| 15:32 | MatzeAoE · wall_segment Palisade Wall x1 |
| 15:33 | MatzeAoE · wall_segment Palisade Wall x1 |
| 15:33 | Spätzlepfanne · age_up castle |
| 15:34 | MatzeAoE · wall_segment Palisade Wall x1 |
| 15:35 | MatzeAoE · wall_segment Palisade Wall x1 |
| 15:36 | MatzeAoE · wall_segment Palisade Wall x1 |
| 15:38 | Lynx · wall_segment Stone Wall x6 |
| 15:40 | Lynx · wall_segment Stone Wall x5 |
| 16:00 | Wolliwup · age_up castle |
| 16:02 | MatzeAoE · wall_segment Palisade Wall x1 |
| 16:02 | MatzeAoE · wall_segment Palisade Wall x1 |
| 16:03 | MatzeAoE · wall_segment Palisade Wall x1 |
| 16:04 | MatzeAoE · wall_segment Palisade Wall x1 |
| 16:43 | Bruno_Backstein · age_up castle |
| 16:52 | Lynx · wall_segment Palisade Wall x1 |
| 17:04 | Lynx · wall_segment Stone Wall x14 |
| 17:05 | Samir · age_up castle |
| 17:25 | MatzeAoE · age_up castle |
| 17:33 | MatzeAoE · first_building Siege Workshop |
| 17:35 | Spätzlepfanne · first_market_buy 100 food |
| 18:04 | Kirby Nach · first_market_buy 100 food |
| 18:23 | Kirby Nach · wall_segment Stone Wall x6 |
| 18:47 | larry · age_up castle |
| 19:38 | Kirby Nach · wall_segment Stone Wall x10 |
| 20:01 | Kirby Nach · wall_segment Stone Wall x1 |
| 20:24 | Kirby Nach · wall_segment Stone Wall x9 |
| 20:54 | Wolliwup · first_market_buy 100 stone |
| 21:11 | Wolliwup · wall_segment Stone Wall x5 |
| 21:13 | Wolliwup · wall_segment Stone Wall x8 |
| 21:18 | Kirby Nach · age_up castle |
| 21:22 | Kirby Nach · first_building Siege Workshop |
| 21:26 | Kirby Nach · wall_segment Stone Wall x8 |
| 21:46 | MatzeAoE · first_market_buy 100 wood |
| 21:50 | Wolliwup · first_building Monastery |
| 22:02 | Kirby Nach · first_building Krepost |
| 22:32 | Wolliwup · wall_segment Stone Wall x7 |
| 23:08 | larry · first_building Castle |
| 23:09 | Wolliwup · wall_segment Stone Wall x5 |
| 23:15 | Spätzlepfanne · first_building Monastery |
| 23:36 | Wolliwup · wall_segment Stone Wall x3 |
| 23:47 | Bruno_Backstein · first_building Monastery |
| 23:55 | Lynx · age_up castle |
| 23:57 | Bruno_Backstein · first_building Castle |
| 23:57 | Lynx · first_building Castle |
| 24:00 | Wolliwup · wall_segment Stone Wall x5 |
| 24:02 | Wolliwup · wall_segment Stone Wall x3 |
| 24:03 | Wolliwup · wall_segment Stone Wall x7 |
| 24:16 | Lynx · wall_segment Stone Wall x13 |
| 24:21 | Spätzlepfanne · first_building Barracks |
| 24:31 | Spätzlepfanne · first_building Siege Workshop |
| 24:34 | Lynx · first_building Siege Workshop |
| 24:45 | Wolliwup · first_building Barracks |
| 24:49 | Spätzlepfanne · wall_segment Stone Wall x10 |
| 25:01 | MatzeAoE · first_market_sell 100 wood |
| 25:08 | Kirby Nach · first_market_sell 100 stone |
| 25:25 | Samir · wall_segment Stone Wall x11 |
| 25:31 | Wolliwup · wall_segment Stone Wall x9 |
| 25:35 | Bruno_Backstein · first_building Archery Range |
| 25:42 | larry · first_building Monastery |
| 25:47 | Samir · first_building Barracks |
| 26:46 | Samir · first_building Monastery |
| 26:52 | Spätzlepfanne · first_building Archery Range |
| 26:53 | Samir · first_building Siege Workshop |
| 26:53 | Wolliwup · wall_segment Stone Wall x10 |
| 27:24 | Wolliwup · first_market_sell 100 food |
| 27:28 | Wolliwup · wall_segment Stone Wall x8 |
| 27:45 | Bruno_Backstein · wall_segment Stone Wall x23 |
| 27:48 | Wolliwup · first_building Siege Workshop |
| 28:04 | Lynx · first_market_buy 100 food |
| 28:08 | Lynx · first_market_sell 100 stone |
| 28:13 | Wolliwup · wall_segment Stone Wall x10 |
| 28:37 | larry · first_building Siege Workshop |
| 28:55 | Wolliwup · age_up imperial |
| 29:07 | Spätzlepfanne · age_up imperial |
| 29:13 | Wolliwup · wall_segment Stone Wall x9 |
| 29:42 | larry · first_building Barracks |
| 29:54 | Samir · first_building Stable |
| 30:07 | Wolliwup · wall_segment Stone Wall x3 |
| 30:08 | Wolliwup · wall_segment Stone Wall x1 |
| 30:21 | Wolliwup · wall_segment Stone Wall x6 |
| 30:26 | Wolliwup · wall_segment Stone Wall x4 |
| 30:28 | MatzeAoE · first_building Monastery |
| 30:59 | Spätzlepfanne · first_building Castle |
| 31:06 | Wolliwup · wall_segment Stone Wall x7 |
| 31:07 | Wolliwup · wall_segment Stone Wall x4 |
| 31:07 | larry · age_up imperial |
| 31:11 | Samir · first_building Castle |
| 31:24 | Samir · age_up imperial |
| 31:33 | Lynx · age_up imperial |
| 31:48 | Bruno_Backstein · first_market_buy 100 wood |
| 32:54 | Bruno_Backstein · age_up imperial |
| 33:18 | Bruno_Backstein · first_building Siege Workshop |
| 33:56 | Wolliwup · wall_segment Stone Wall x7 |
| 33:58 | Wolliwup · wall_segment Stone Wall x6 |
| 34:08 | Wolliwup · wall_segment Stone Wall x11 |
| 34:10 | Wolliwup · wall_segment Stone Wall x5 |
| 34:35 | Kirby Nach · age_up imperial |
| 34:50 | MatzeAoE · age_up imperial |
| 35:13 | Kirby Nach · first_building Castle |
| 35:16 | larry · first_market_sell 500 wood |
| 35:17 | MatzeAoE · first_building Castle |
| 35:50 | Wolliwup · wall_segment Stone Wall x3 |
| 35:52 | Wolliwup · wall_segment Stone Wall x3 |
| 36:28 | Bruno_Backstein · wall_segment Stone Wall x8 |
| 36:32 | Wolliwup · wall_segment Stone Wall x1 |
| 36:35 | larry · tribute_sent a jugador 1 |
| 36:35 | larry · tribute_sent a jugador 2 |
| 36:35 | larry · tribute_sent a jugador 3 |
| 36:35 | larry · tribute_sent a jugador 4 |
| 36:35 | larry · tribute_sent a jugador 5 |
| 36:35 | larry · tribute_sent a jugador 6 |
| 36:35 | larry · tribute_sent a jugador 8 |
| 36:36 | Bruno_Backstein · wall_segment Stone Wall x9 |
| 36:50 | Bruno_Backstein · wall_segment Stone Wall x12 |
| 36:51 | Bruno_Backstein · wall_segment Stone Wall x2 |
| 36:54 | Wolliwup · wall_segment Stone Wall x4 |
| 37:44 | Wolliwup · wall_segment Stone Wall x5 |
| 38:29 | larry · first_building Stable |
| 38:56 | Wolliwup · wall_segment Stone Wall x1 |
| 38:56 | Bruno_Backstein · wall_segment Stone Wall x8 |
| 39:01 | Bruno_Backstein · wall_segment Stone Wall x4 |
| 39:02 | Wolliwup · wall_segment Stone Wall x6 |
| 39:08 | Bruno_Backstein · wall_segment Stone Wall x6 |
| 40:31 | Samir · first_building Archery Range |
| 40:32 | Kirby Nach · first_building Stable |
| 41:35 | larry · tribute_sent a jugador 1 |
| 41:35 | larry · tribute_sent a jugador 2 |
| 41:35 | larry · tribute_sent a jugador 3 |
| 41:35 | larry · tribute_sent a jugador 4 |
| 41:35 | larry · tribute_sent a jugador 5 |
| 41:35 | larry · tribute_sent a jugador 6 |
| 41:35 | larry · tribute_sent a jugador 8 |
| 41:52 | Lynx · first_building Barracks |
| 42:26 | Lynx · first_building Archery Range |
| 43:09 | larry · tribute_sent a jugador 1 |
| 43:09 | larry · tribute_sent a jugador 2 |
| 43:09 | larry · tribute_sent a jugador 3 |
| 43:09 | larry · tribute_sent a jugador 4 |
| 43:09 | larry · tribute_sent a jugador 5 |
| 43:09 | larry · tribute_sent a jugador 6 |
| 43:09 | larry · tribute_sent a jugador 8 |
| 43:25 | Bruno_Backstein · first_market_sell 100 wood |
| 44:36 | Samir · first_market_sell 500 food |
| 44:48 | Bruno_Backstein · wall_segment Stone Wall x10 |
| 44:50 | Bruno_Backstein · wall_segment Stone Wall x8 |
| 45:03 | MatzeAoE · resign |
[ ANÁLISIS IA · 1 CRÉDITO ]
¿Qué pasó realmente en esta partida?
Wolo.gg analiza cada decisión: build order, eco, micro, errores típicos por bracket. Análisis personalizado por WhatsApp o Discord en 30 segundos.
Guía civ
Wu
Perfil
Jugador #2503157